 Dungeon Crawl Stone Soup version 0.19.0-2-gae57169 (webtiles) character file.

330 Vatticson the Cleaver (level 6, 0/51 HPs)
             Began as a Hill Orc Berserker on Nov 4, 2016.
             Was a Believer of Trog.
             Slain by a hound (1 damage)
             ... on level 5 of the Dungeon.
             The game lasted 00:09:24 (3434 turns).

Vatticson the Cleaver (Hill Orc Berserker)          Turns: 3434, Time: 00:09:25

Health: 0/51       AC:  5    Str: 21    XL:     6   Next: 51%
Magic:  6/6        EV: 11    Int:  7    God:    Trog [**....]
Gold:   110        SH:  0    Dex: 11    Spells: 0 memorised, 5 levels left

rFire  . . .     SeeInvis .     a - +0 hand axe
rCold  . . .     Gourm    .     d - +0 ring mail
rNeg   . . .     Faith    .     (no shield)
rPois  .         Spirit   .     (no helmet)
rElec  .         Reflect  .     (no cloak)
rCorr  .         Harm     .     (no gloves)
MR     ++...                    (no boots)
Stlth  +.........               (no amulet)
                                (no ring)
                                (no ring)

@: starving, regenerating
A: no striking features
a: Berserk, Trog's Hand, Burn Spellbooks, Renounce Religion


You were on level 5 of the Dungeon.
You worshipped Trog.
Trog was pleased with you.
You were starving.

You visited 1 branch of the dungeon, and saw 5 of its levels.

You collected 110 gold pieces.

Inventory:

Hand Weapons
 a - a +0 hand axe (weapon)
Armour
 b - a +0 animal skin
 d - a +0 ring mail (worn)
Scrolls
 e - a scroll of remove curse
 f - 2 scrolls of recharging


   Skills:
 - Level 3.6 Fighting
 + Level 9.3 Axes
 - Level 2.1 Armour
 - Level 1.5 Dodging


You had 5 spell levels left.
You didn't know any spells.

Dungeon Overview and Level Annotations

Branches:
Dungeon (5/15)
 Temple: D:4-7

Altars:
Elyvilon
Nemelex Xobeh
Okawaru


Message History

You miss something. The hound bites you.
* * * LOW HITPOINT WARNING * * *
A sky beast appears from thin air!
Reactivating autopickup.
The sky beast closely misses you.
You closely miss the sky beast.
The sky beast is moderately wounded.
You miss the hound. The hound bites you but does no damage.
The sky beast closely misses you. The hound barely misses you.
You hit the sky beast but do no damage.
The sky beast is moderately wounded.
You miss the hound. The hound closely misses you. The sky beast hits you.
* * * LOW HITPOINT WARNING * * *
The sky beast shocks you.
* * * LOW HITPOINT WARNING * * *
Unknown command.
Your ring mail prevents you from hitting the sky beast.
The sky beast is moderately wounded.
You hit the hound but do no damage. The hound bites you.
You die...

#######
####.....######
#......(.......
...............
.......<.......
...............
......Y@.......
......h)..$....
...............
...............
...............
...............
...............
...............


You could see a sky beast and a hound.

Vanquished Creatures
  A centaur (D:5)
  A hound (D:4)
  An orc wizard (D:4)
  A worker ant (D:4)
  4 gnolls (D:4)
  5 adders
  2 oozes (D:3)
  An adder skeleton (D:4)
  A worm (D:2)
  3 dart slugs
  3 leopard geckos
  4 orcs
  6 bats
  3 giant cockroaches
  6 goblins
  7 hobgoblins
  3 jackals (D:4)
  2 kobolds
  A quokka (D:3)
  6 frilled lizards
  8 rats
69 creatures vanquished.

Notes
Turn   | Place    | Note
-------+----------+-------------------------------------------
     0 | D:1      | Vatticson the Hill Orc Berserker began the quest for the Orb.
     0 | D:1      | Reached XP level 1. HP: 19/19 MP: 1/1
   240 | D:1      | Reached XP level 2. HP: 26/26 MP: 2/2
   367 | D:1      | Reached skill level 5 in Axes
   711 | D:2      | Reached XP level 3. HP: 31/31 MP: 3/3
  1291 | D:2      | Reached skill level 6 in Axes
  1533 | D:3      | Reached ** piety under Trog
  1553 | D:3      | Found an iron altar of Okawaru.
  1561 | D:3      | Reached XP level 4. HP: 32/39 MP: 4/4
  2141 | D:3      | Found a white marble altar of Elyvilon.
  2142 | D:3      | Found a sparkling altar of Nemelex Xobeh.
  2220 | D:3      | Reached skill level 7 in Axes
  2598 | D:4      | Reached XP level 5. HP: 45/45 MP: 5/5
  2827 | D:4      | Reached skill level 8 in Axes
  3027 | D:4      | Reached XP level 6. HP: 51/51 MP: 6/6
  3399 | D:5      | Entered Level 5 of the Dungeon
  3400 | D:5      | Noticed a yak
  3401 | D:5      | Noticed a yak
  3401 | D:5      | Noticed a yak
  3401 | D:5      | Noticed a yak
  3401 | D:5      | Noticed a yak
  3402 | D:5      | Noticed a yak
  3414 | D:5      | Noticed a sky beast
  3420 | D:5      | Reached skill level 9 in Axes
  3433 | D:5      | HP: 1/51 [sky beast (6)]
  3434 | D:5      | Slain by a hound

Skill      XL: |  1  2  3  4  5  6 |
---------------+-------------------+-----
Axes           | 5 6 7 8 9 |  9.3
Fighting       | |  3.6
Armour         | |  2.1
Dodging        | |  1.5

Action                   |  1- 3 |  4- 6 || total
-------------------------+-------+-------++-------
Melee: Hand axe          |   110 |   178 ||   288
Invok: Trog's Hand       |       |     2 ||     2
  Use: Scroll            |     7 |     1 ||     8
       Potion            |     5 |     2 ||     7
  Eat: Bread ration      |     1 |       ||     1
       Fruit             |       |     1 ||     1
       Beef jerky        |       |     1 ||     1
Armor: Ring mail         |    49 |    46 ||    95
Dodge: Dodged            |    58 |   105 ||   163
